 Dungeon Crawl Stone Soup version 0.26-a0-1058-g8dc6ce00ff (webtiles) character file.

Game seed: 6240171689548042083

617511 1994 the Lord of Darkness (level 26, 0/220 HPs)
             Began as a Mummy Necromancer on Dec 13, 2020.
             Was the Champion of Kikubaaqudgha.
             Splashed by an acid blob's acid (7 damage)
             ... created by the Royal Jelly
             ... on level 5 of the Pits of Slime.
             The game lasted 06:19:25 (90464 turns).

1994 the Lord of Darkness (Mummy Necromancer)      Turns: 90464, Time: 06:19:25

Health: 0/220      AC: 35    Str: 14    XL:     26   Next: 42%
Magic:  32/47      EV: 13    Int: 25    God:    Kikubaaqudgha [******]
Gold:   5637       SH: 17    Dex: 21    Spells: 12/65 levels left

rFire    + + +     SeeInvis +   a - staff of death
rCold    + + +     Faith    .   k - +3 kite shield
rNeg     + + +     Spirit   .   O - +9 ice dragon scales
rPois    ∞         Reflect  .   f - +3 crown of Dyrovepreva {rElec Int+2 SInv}
rElec    +         Harm     .   r - scarf {repulsion}
rCorr    +         Rampage  .   n - +0 pair of gloves of Hiwesko {rF+ Str+2}
Will     +++..                  X - +5 pair of boots of Nihilism {rF++ Stlth-}
Stlth    ..........             R - amulet of magic regeneration
HPRegen  0.46/turn              d - ring of resist corrosion
MPRegen  0.55/turn              Q - ring "Gafe" {*Corrode rF++ AC+4 Dex+6}

@: corroded, studying Summonings, repel missiles
A: no potions, fire vulnerability, cold resistance 1, negative energy resistance
3, torment resistance, unbreathing, in touch with death 2
}: 4/15 runes: decaying, serpentine, silver, abyssal
a: Receive Corpses, Torment, Renounce Religion


You were on level 5 of the Pits of Slime.
You worshipped Kikubaaqudgha.
Kikubaaqudgha was exalted by your worship.
You visited 11 branches of the dungeon, and saw 53 of its levels.
You visited the Abyss 1 time.
You visited 1 bazaar.
You also visited: Trove, Ice Cave and Wizlab.

You collected 9546 gold pieces.
You spent 3909 gold pieces at shops.

Inventory:

Hand Weapons
 b - a +10 fustibalus of venom
 V - the +9 fustibalus of Massacring {freeze, rC+ Dex+4 Stlth+}
   (You found it on level 3 of the Elven Halls)

   It causes projectiles fired from it to freeze those they strike, causing
   extra injury to most foes and up to half again as much damage against
   particularly susceptible opponents.
   They can also slow down cold-blooded creatures.
   It affects your dexterity (+4).
   It protects you from cold.
   It makes you more stealthy.
 W - a +2 vampiric demon trident
 Z - the +4 hunting sling of Mostram {venom, Will+ Dex+3 Stlth+}
   (You found it on level 4 of the Dungeon)

   It poisons the ammo it fires.
   It affects your dexterity (+3).
   It affects your willpower, your defense against some magical effects.
   It makes you more stealthy.
Missiles
 q - 1284 stones (quivered ammo)
 v - 7 throwing nets
 z - 16 curare-tipped darts
 C - 342 sling bullets
Armour
 f - the +3 crown of Dyrovepreva (worn) {rElec Int+2 SInv}
   (You bought it in a shop on level 1 of the Vaults)

   It affects your intelligence (+2).
   It insulates you from electricity.
   It lets you see invisible.
 k - a +3 kite shield (worn)
 n - the +0 pair of gloves of Hiwesko (worn) {rF+ Str+2}
   (You found it in an ice cave)

   It affects your strength (+2).
   It protects you from fire.
 r - a scarf of repulsion (worn)
 J - a +0 cloak
 O - +9 ice dragon scales (worn)
 X - the +5 pair of boots of Nihilism (worn) {rF++ Stlth-}
   (You acquired it on level 1 of the Vaults)

   It greatly protects you from fire.
   It makes you less stealthy.
Magical Staves
 a - an uncursed staff of death (weapon)
 B - an uncursed staff of fire
Jewellery
 d - a ring of resist corrosion (left hand)
 m - an uncursed amulet of regeneration
 o - a +4 ring of evasion
 p - an uncursed ring of wizardry
 x - an uncursed ring of flight
 F - a +6 ring of intelligence
 N - an uncursed amulet of reflection
 Q - the ring "Gafe" (right hand) {*Corrode rF++ AC+4 Dex+6}
   (You acquired it on level 1 of the Vaults)

   [ring of protection]

   It affects your AC (+4).
   It affects your dexterity (+6).
   It greatly protects you from fire.
   It may corrode you when you take damage.
 R - an amulet of magic regeneration (around neck)
 Y - the ring "Cuudud" {rElec rF+}
   (You found it on level 2 of the Abyss)

   [ring of protection from fire]

   It protects you from fire.
   It insulates you from electricity.
Wands
 g - a wand of polymorph (9)
 i - a wand of disintegration (54)
 l - a wand of acid (50)
 E - a wand of digging (25)
 G - a wand of enslavement (77)
 I - a wand of iceblast (67)
 L - a wand of paralysis (54)
 P - a wand of flame (8)
Scrolls
 c - 10 scrolls of magic mapping
 h - 25 scrolls of teleportation
 j - 12 scrolls of blinking
 s - 61 scrolls of identify
 t - 11 scrolls of amnesia
 u - 4 scrolls of torment
 w - 4 scrolls of silence
 y - 23 scrolls of remove curse
 D - 15 scrolls of fog
 H - 9 scrolls of fear
 K - 13 scrolls of vulnerability
 M - 2 scrolls of immolation
 T - 4 scrolls of summoning
Books
 S - a manual of Summonings
Miscellaneous
 A - a phial of floods
 U - a lightning rod (4/4)


   Skills:
 * Level 20.6 Fighting
 - Level 11.1 Slings
 - Level 14.1 Armour
 - Level 5.4 Dodging
 - Level 1.5 Stealth
 - Level 15.0 Shields
 + Level 20.4 Spellcasting
 * Level 13.0 Summonings
 * Level 21.6 Necromancy
 * Level 6.6 Translocations
 - Level 9.0 Ice Magic
 - Level 7.0 Earth Magic


You had 12 spell levels left.
You knew the following spells:

 Your Spells              Type           Power        Failure   Level
a - Infestation           Necr           #########.   5%          8
b - Apportation           Tloc           ######       1%          1
c - Vampiric Draining     Necr           #########.   0%          3
d - Dispel Undead         Necr           ########     0%          4
e - Malign Gateway        Summ/Tloc      ######....   65%         7
f - Passage of Golubria   Tloc           N/A          4%          4
g - Animate Dead          Necr           #########.   0%          4
h - Borgnjor's Vile Clut  Necr/Erth      ########..   1%          5
i - Simulacrum            Ice/Necr       ########..   1%          6
j - Haunt                 Necr/Summ      #########.   4%          7
k - Passwall              Tmut/Erth      #####...     2%          2
l - Blink                 Tloc           N/A          1%          2

Your spell library contained the following spells:

 Spells                   Type           Power        Failure   Level
 Animate Skeleton         Necr           ######       0%          1
 Pain                     Necr           ####         0%          1
 Freeze                   Ice            ####         1%          1
 Sandblast                Erth           ######       1%          1
 Summon Small Mammal      Summ           ####         1%          1
 Call Imp                 Summ           ######..     1%          2
 Corpse Rot               Necr/Air       N/A          1%          2
 Ensorcelled Hibernation  Hex/Ice        #####.       1%          2
 Call Canine Familiar     Summ           ######..     1%          3
 Frozen Ramparts          Ice            ######       1%          3
 Gell's Gravitas          Tloc           ######....   1%          3
 Ozocubu's Armour         Ice            ######..     1%          3
 Summon Guardian Golem    Hex/Summ       ######..     1%          3
 Summon Ice Beast         Ice/Summ       ######..     1%          4
 Agony                    Necr           ########     1%          5
 Excruciating Wounds      Necr           #########.   1%          5
 Summon Demon             Summ           ######....   1%          5
 Death Channel            Necr           #########.   1%          6
 Summon Forest            Summ/Tloc      ######....   3%          5
 Portal Projectile        Hex/Tloc       #####.       4%          3
 Stone Arrow              Conj/Erth      #####.       4%          3
 Summon Lightning Spire   Summ/Air       ######..     4%          4
 Shadow Creatures         Summ           N/A          4%          6
 Corona                   Hex            ####...      6%          1
 Magic Dart               Conj           ####         6%          1
 Slow                     Hex            ####....     9%          2
 Swiftness                Air            ####....     9%          2
 Hailstorm                Conj/Ice       #####...     10%         4
 Lee's Rapid Deconstruct  Erth           ######....   10%         5
 Summon Mana Viper        Hex/Summ       ######..     12%         5
 Leda's Liquefaction      Hex/Erth       #####.....   14%         4
 Petrify                  Tmut/Erth      #####...     14%         4
 Iskenderun's Mystic Bla  Conj/Tloc      #####...     16%         4
 Confusing Touch          Hex            ####....     19%         3
 Conjure Flame            Conj/Fire      ####....     19%         3
 Dazzling Flash           Conj/Hex       ####..       19%         3
 Ignite Poison            Fire/Tmut/Pois ####....     19%         3
 Inner Flame              Hex/Fire       ####....     19%         3
 Mephitic Cloud           Conj/Pois/Air  ####....     19%         3
 Static Discharge         Conj/Air       ####....     19%         3
 Tukima's Dance           Hex            ####....     19%         3
 Ozocubu's Refrigeration  Ice            ######....   22%         6
 Monstrous Menagerie      Summ           ######....   24%         7
 Summon Greater Demon     Summ           ######....   24%         7
 Summon Hydra             Summ           ######....   24%         7
 Metabolic Englaciation   Hex/Ice        #####.....   26%         5
 Cause Fear               Hex            ####......   52%         4
 Dispersal                Tloc           ######....   52%         6
 Bolt of Magma            Conj/Fire/Erth #####.....   54%         5
 Alistair's Intoxication  Tmut/Pois      ####.....    86%         5
 Fireball                 Conj/Fire      ####......   86%         5
 Irradiate                Conj/Tmut      ####......   86%         5
 Iskenderun's Battlesphe  Conj           ####....     86%         5
 Lightning Bolt           Conj/Air       ####......   86%         5
 Silence                  Hex/Air        ####......   86%         5
 Yara's Violent Unravell  Hex/Tmut       ####......   86%         5
 Summon Horrible Things   Summ           ######....   88%         8
 Iron Shot                Conj/Erth      #####.....   91%         6
 Freezing Cloud           Conj/Ice/Air   #####.....   95%         6
 Spellforged Servitor     Conj/Summ      ######....   98%         7
 Conjure Ball Lightning   Conj/Air       ####......   100%        6
 Eringya's Noxious Bog    Tmut/Pois      ####......   100%        6
 Invisibility             Hex            ####....     100%        6
 Starburst                Conj/Fire      ####......   100%        6
 Orb of Destruction       Conj           ####......   100%        7
 Chain Lightning          Conj/Air       ####......   100%        8
 Discord                  Hex            ####......   100%        8
 Disjunction              Tloc           ######....   100%        8
 Ignition                 Fire           ####......   100%        8
 Dragon's Call            Summ           ######....   100%        9
 Shatter                  Erth           ######....   100%        9
 Tornado                  Air            ####......   100%        9
 Sublimation of Blood     Necr           Unusable     N/A         2
 Borgnjor's Revivificati  Necr           Unusable     N/A         8
 Beastly Appendage        Tmut           Unusable     N/A         1
 Wereblood                Tmut           Unusable     N/A         2
 Ice Form                 Ice/Tmut       Unusable     N/A         4
 Spider Form              Tmut/Pois      Unusable     N/A         3
 Death's Door             Necr           Unusable     N/A         9
 Blade Hands              Tmut           Unusable     N/A         5
 Statue Form              Tmut/Erth      Unusable     N/A         6
 Necromutation            Tmut/Necr      Unusable     N/A         8
 Hydra Form               Tmut           Unusable     N/A         6
 Dragon Form              Tmut           Unusable     N/A         7

Dungeon Overview and Level Annotations

Branches:
Dungeon (15/15)            Temple (1/1) D:6            Lair (6/6) D:11
  Swamp (4/4) Lair:4        Snake (4/4) Lair:4        Slime (5/5) Lair:5
    Orc (2/2) D:11            Elf (3/3) Orc:2        Vaults (5/5) D:13
  Crypt (3/3) Vaults:3       Tomb (0/3) Crypt:3      Depths (5/5) D:15
    Zot (0/5) Depths:5      IceCv (visited)          WizLab (visited)

Altars:
Ashenzari
Cheibriados
Dithmenos
Elyvilon
Fedhas
Gozag
Hepliaklqana
Kikubaaqudgha
Makhleb
Nemelex Xobeh
Okawaru
Qazlal
Ru
Sif Muna
Trog
Uskayaw
Vehumet
Wu Jian
Xom
Yredelemnul
Zin
The Shining One

Shops:
D:7 [   D:8 ?   D:12 !   Orc:2 (![}   Elf:1 (   Elf:2 *   Elf:3 (
Snake:1 ?[(!   Vaults:1 [   Vaults:3 (   Vaults:4 ??   Vaults:5 =:[(
Depths:1 =}}   Depths:3 (   Depths:4 *

Portals:
Hell: Depths:1 Depths:2 Depths:3 Depths:4 Depths:5
Abyss: Depths:1 Depths:2 Depths:4 Depths:5
Pandemonium: Depths:2 Depths:3
Ziggurat: Depths:2

Annotations:
Elf:1 bloodlust necklace
Elf:3 demon trid and polearms manual and nice fastibs


Innate Abilities, Weirdness & Mutations

You do not drink.
Your flesh is vulnerable to fire.
You are immune to poison.
Your flesh is cold resistant. (rC+)
You are immune to negative energy. (rN+++)
You are immune to unholy pain and torment.
You can survive without breathing.
You are strongly in touch with the powers of death.


Message History

Casting: Simulacrum (mildly dangerous; 1% risk of failure)
Confirm with . or Enter, or press ? or * to list all spells.
You blink.
You are engulfed in blazing flames.
You resist.
* * * LOW HITPOINT WARNING * * *
The azure jelly is engulfed in blazing flames.
The azure jelly explodes!
The acid blob is engulfed in blazing flames.
Flame seeps out of the acid blob.
The acid blob spits acid at you.
The splash of acid hits you but does no damage.
You are splashed with acid.
You resist.
* * * LOW HITPOINT WARNING * * *
The acid blob is engulfed in blazing flames.
Flame seeps out of the acid blob.
The acid blob spits acid at you. The splash of acid hits you. You resist.
* * * LOW HITPOINT WARNING * * *
You are splashed with acid!
You resist.
You die...
Kikubaaqudgha rasps: "You have failed me!
Welcome... oblivion!"

###### #####....###
##...§#§§...##
####...§§°°JJ...## ###
#......§§°§°§§§..####..#
.......§§§§°§°§...##...##
.......§°°§§°§§.........#
.......§§§§°§§...........
........@§§§§............
.........................
.........................
.........................
.........................
..........(..............
................WW.......
.........................
.^..................


You could see 2 acid blobs.

Vanquished Creatures
  Mennas (Depths:3)
  2 juggernauts
  An ancient lich (WizLab)
  Boris (twice) (Vaults:4 Depths:1)
  2 golden dragons (Depths:5)
  A bone dragon (Crypt:3)
  Jory (Crypt:1)
  5 tentacled monstrosities
  Jorgrun (Swamp:2)
  6 liches
  An Ice Fiend (IceCv)
  A quicksilver dragon (Depths:4)
  A deep elf blademaster (Elf:3)
  Asterion (Snake:2)
  The ghost of Ysiuj the Bludgeoner, an adept MiBe of Trog (Snake:4)
  6 titans
  2 deep elf master archers (Elf:3)
  10 acid blobs
  3 sphinxes
  A tentacled starspawn (Abyss:1)
  Agnes (Snake:4)
  Frances (Swamp:2)
  3 storm dragons
  Donald (Crypt:1)
  6 ancient champions
  Kirke (D:15)
  8 shadow dragons
  7 tengu reavers
  3 nagarajas (Snake:4)
  8 azure jellies
  13 fire giants
  2 draconian monks (Depths:5)
  A fenstrider witch (Swamp:1)
  2 revenants (Crypt:2)
  A ghost moth (shapeshifter) (Vaults:3)
  6 vault wardens
  5 deep elf sorcerers
  12 frost giants
  An orc warlord (Orc:1)
  An emperor scorpion (D:15)
  2 ghouls
  Aizul (Snake:2)
  2 curse skulls (Crypt:1)
  A deep elf elementalist (Elf:3)
  4 iron dragons
  A balrug (Depths:4)
  13 ironheart preservers
  2 angels (Depths:2)
  A spriggan defender (Depths:3)
  3 caustic shrike skeletons (Crypt:3)
  5 war gargoyles
  17 stone giants
  14 vampire knights
  15 very ugly things
  An entropy weaver (Vaults:4)
  4 green draconians (Depths:5)
  A white draconian (Depths:5)
  8 deep elf annihilators
  A bunyip (Swamp:3)
  A yellow draconian (Depths:5)
  5 deep elf demonologists
  A red draconian (Depths:5)
  A dire elephant (D:15)
  9 spark wasps
  8 deep elf death magi
  2 eidola (Crypt:3)
  3 mummy priests
  13 ettins
  6 fire dragons
  An eleionoma (Swamp:2)
  5 jiangshi (Crypt:1)
  The ghost of Morbidden the Martial Artist, a journeyman DsWn of Cheibriados (D:12)
  3 deep elf high priests
  4 death oozes
  Josephine (D:11)
  A quicksilver dragon zombie (Crypt:3)
  The ghost of Sickboy the Fighter, a journeyman MiBe of Trog (D:11)
  12 yaktaur captains
  Fannar (D:10)
  12 great orbs of eyes
  Harold (D:7)
  15 ogre magi
  11 hydras
  2 ghost crabs
  A rakshasa (Vaults:2)
  9 ice dragons
  23 naga warriors
  27 vault guards
  5 spriggan air magi
  12 boulder beetles
  2 catoblepae
  An alligator (shapeshifter) (Vaults:5)
  Erica (Lair:2)
  A two-headed ogre (shapeshifter) (Depths:5)
  43 two-headed ogres
  14 centaur warriors
  2 death knights (Vaults:3)
  5 anacondas
  4 deep troll shamans
  9 deep troll earth magi
  2 death yaks (Lair:6)
  4 shock serpents
  2 tengu warriors (Depths:1)
  8 vampire magi
  6 alligators
  24 dancing weapons
  5 orc high priests
  3 soul eaters
  4 spriggan berserkers
  2 thrashing horrors (Abyss:1)
  5 naga sharpshooters
  21 deep elf knights
  2 sun demons (Depths:4)
  A salamander mystic (Snake:2)
  A goliath frog (Swamp:1)
  5 titan skeletons
  6 hell knights (Depths:4)
  27 skeletal warriors
  4 large abominations
  6 naga ritualists
  4 shadow wraiths
  3 spriggan druids
  2 glowing orange brains
  3 swamp dragons
  10 ironbrand convokers
  2 starcursed masses (Abyss:1)
  10 deep trolls
  6 unseen horrors
  7 bog bodies
  9 flayed ghosts
  6 phantasmal warriors
  14 deep elf archers
  A harpy (shapeshifter) (D:15)
  3 necromancers
  2 lindwurms (Swamp:4)
  An iron dragon zombie (WizLab)
  A sphinx zombie (WizLab)
  Pikel (D:8)
  4 harpies (Vaults:4)
  A goliath frog zombie (Crypt:3)
  2 wizards
  7 cyclopes
  62 deep elf magi
  2 wolf spiders
  5 mana vipers
  A faun (shapeshifter) (Depths:1)
  19 orc knights
  5 fire giant zombies (Crypt:1)
  2 oklob plants (Lair:2)
  2 frost giant zombies
  6 orc sorcerers
  A sphinx skeleton (Vaults:2)
  A shadow dragon skeleton (Crypt:3)
  2 iron dragon skeletons
  8 salamanders
  A manticore (shapeshifter) (Vaults:5)
  7 manticores
  3 worldbinders
  2 fire giant skeletons (Crypt:3)
  4 nameless horrors
  48 ugly things
  3 demonspawn zombies (WizLab)
  A stone giant skeleton (Crypt:3)
  A goliath frog skeleton (Crypt:2)
  An ice statue (IceCv)
  13 naga magi
  7 vault sentinels
  A black mamba (shapeshifter) (Vaults:5)
  33 black mambas
  An apocalypse crab (Abyss:1)
  Psyche (D:8)
  A smoke demon (Abyss:1)
  3 eyes of devastation
  6 guardian serpents
  2 cane toads (shapeshifter)
  43 yaktaurs
  Maggie (D:8)
  A gargoyle (D:12)
  A hellion (Abyss:3)
  7 freezing wraiths
  4 kobold demonologists
  9 cane toads
  A black draconian zombie (Crypt:3)
  A spectral swamp worm (Depths:2)
  8 komodo dragons
  13 ice devils (IceCv)
  8 rime drakes
  A green draconian skeleton (Crypt:1)
  3 tengu conjurers
  9 trolls
  11 guardian mummies
  A tormentor (Abyss:3)
  A queen bee (Lair:5)
  A red devil (Abyss:1)
  A hydra zombie (Crypt:2)
  3 ancient zymes
  A queen bee (shapeshifter) (Elf:3)
  A minotaur skeleton (Crypt:3)
  A jumping spider (Vaults:4)
  A grey draconian skeleton (Crypt:1)
  3 meliai (Lair:5)
  6 tyrant leeches
  5 polar bears
  A raiju (Crypt:1)
  13 hornets
  A raiju (shapeshifter) (Depths:1)
  2 wind drakes (shapeshifter)
  9 blink frogs
  48 slime creatures
  2 hydra skeletons
  A spriggan zombie (WizLab)
  A stone giant simulacrum (Vaults:1)
  5 flying skulls (Crypt:1)
  3 deep troll zombies
  A fire giant simulacrum (Vaults:3)
  9 water elementals
  An ettin skeleton (Crypt:3)
  3 shadows
  A centaur simulacrum (D:14)
  A redback (shapeshifter) (Depths:2)
  3 redbacks (Vaults:4)
  5 wyverns
  6 basilisks
  7 spriggans
  4 hogs (D:15)
  5 wraiths
  A ynoxinul (Abyss:1)
  An air elemental (Elf:1)
  2 hogs (shapeshifter)
  73 yaks
  6 humans
  5 fire bats (Abyss:1)
  A black mamba skeleton (Crypt:3)
  3 golden eyes (Slime:3)
  A chaos spawn (Abyss:1)
  9 vampire mosquitoes
  A neqoxec (Abyss:1)
  A torturous demonspawn zombie (WizLab)
  7 swamp worms
  A naga (shapeshifter) (Vaults:4)
  A cane toad zombie (Crypt:3)
  8 wargs
  37 nagas
  3 soldier ants
  2 insubstantial wisps (Lair:3)
  5 hell hounds (Crypt:1)
  17 water moccasins
  A floating eye (Depths:2)
  2 sky beasts
  2 swamp drakes
  50 orc warriors
  A faun skeleton (Crypt:2)
  2 black bears (D:12)
  3 phantoms
  12 eyes of draining
  50 ogres
  A necrophage (Swamp:1)
  8 boggarts
  16 wolves
  A lindwurm zombie (Crypt:2)
  25 centaurs
  A centaur (shapeshifter) (Vaults:3)
  3 big kobolds
  22 bullfrogs
  2 wyvern zombies
  3 earth elementals
  2 deep troll simulacra
  A human skeleton (Vaults:2)
  6 small abominations
  A water moccasin zombie (D:5)
  A wyvern skeleton (D:10)
  4 scorpions
  A tengu zombie (WizLab)
  23 killer bees
  A spectral wolf (Crypt:1)
  10 howler monkeys
  36 wights
  An electric eel (Lair:4)
  5 jellies
  2 quasits
  A wolf skeleton (Crypt:2)
  8 centaur zombies
  4 hounds
  16 orc priests
  4 centaur skeletons
  31 orc wizards
  A black bear zombie (Crypt:3)
  A gnoll shaman (Orc:1)
  3 bullfrog skeletons
  3 iguanas
  3 iron imps
  Jessica (D:3)
  6 hell rats (Lair:4)
  14 worker ants
  An ogre skeleton (Crypt:3)
  A deep dwarf skeleton (Crypt:1)
  A hound skeleton (D:11)
  7 mummies (Crypt:3)
  A howler monkey zombie (D:9)
  3 worker ant zombies
  Robin (D:4)
  10 gnolls
  18 adders
  2 shadow imps (D:10)
  12 white imps
  9 ufetubi
  An ooze (D:2)
  An adder zombie (D:5)
  A lava snake zombie (Crypt:1)
  3 adder skeletons
  3 worms
  A barachi zombie (Crypt:1)
  2 dart slugs (D:1)
  8 leopard geckos
  102 orcs
  5 giant cockroaches
  16 goblins
  8 hobgoblins
  17 jackals
  3 quokkas
  8 bats
  5 frilled lizards
  A jackal skeleton (D:4)
  12 kobolds
  3 kobold skeletons
  A leopard gecko skeleton (D:5)
  A quokka zombie (D:8)
  9 rats
  4 crawling corpses
  A starspawn tentacle (Abyss:1)
2139 creatures vanquished.

Vanquished Creatures (collateral kills)
  the Royal Jelly (Slime:5)
  An ancient lich (Crypt:3)
  Boris (Depths:2)
  Saint Roka (Snake:3)
  Bai Suzhen (Snake:4)
  A curse toe (Crypt:3)
  A caustic shrike (Depths:2)
  Nikola (Snake:3)
  2 golden dragons (Depths:2)
  2 bone dragons
  An Ice Fiend (IceCv)
  A tentacled monstrosity (Depths:2)
  A quicksilver dragon (Vaults:5)
  A deep elf blademaster (Elf:3)
  33 acid blobs
  4 titans (Vaults:5)
  A sphinx (Vaults:5)
  A shadow dragon (Vaults:5)
  2 thorn hunters
  7 azure jellies
  A storm dragon (Vaults:5)
  A tengu reaver (Depths:2)
  11 nagarajas (Snake:4)
  A deep elf sorcerer (Elf:1)
  A frost giant (Depths:4)
  2 vault wardens
  A ghoul (Crypt:3)
  A deep elf elementalist (Elf:2)
  2 ironheart preservers
  A curse skull (Crypt:2)
  A war gargoyle (Vaults:5)
  3 very ugly things (Depths:4)
  5 stone giants
  A vampire knight (Crypt:1)
  A deep elf demonologist (Elf:3)
  A deep elf annihilator (Elf:3)
  3 bunyips
  3 jiangshi
  2 fire dragons (Swamp:4)
  2 ettins
  4 eleionomae
  4 death oozes
  10 vault guards
  3 naga warriors
  2 yaktaur captains
  A great orb of eyes (Slime:2)
  2 ogre magi (Vaults:1)
  6 hydras
  3 rakshasas
  2 catoblepae (Lair:6)
  A ghost crab (Swamp:1)
  2 centaur warriors
  5 deep troll shamans
  3 deep troll earth magi
  11 two-headed ogres
  2 alligators (Swamp:4)
  A dancing weapon (Elf:1)
  2 death yaks (Lair:6)
  A vampire mage (Crypt:3)
  2 thrashing horrors
  A deep elf knight (Elf:2)
  4 spriggans
  6 naga sharpshooters
  3 wretched stars
  A sixfirhy (Abyss:1)
  3 iron trolls (Depths:4)
  5 skeletal warriors
  A goliath frog (Swamp:1)
  10 deep trolls
  A spriggan druid (Swamp:4)
  6 swamp dragons (Swamp:4)
  A flayed ghost (Crypt:3)
  A glowing orange brain (Slime:4)
  2 deep elf archers
  3 naga ritualists
  A bog body (Crypt:3)
  3 phantasmal warriors (Crypt:1)
  3 ironbrand convokers
  2 orc knights (Vaults:1)
  2 necromancers
  A fire giant zombie (Vaults:3)
  4 mana vipers
  5 shining eyes
  7 ugly things
  A frost giant zombie (Crypt:1)
  2 will-o-the-wisps (Swamp:3)
  A salamander (Snake:4)
  8 deep elf magi
  A sphinx skeleton (Depths:2)
  An orc sorcerer (Vaults:1)
  2 cyclopes (Vaults:1)
  An iron dragon skeleton (Crypt:3)
  3 worldbinders (Abyss:3)
  8 naga magi
  3 vault sentinels
  9 black mambas
  A fire giant skeleton (Vaults:3)
  2 eyes of devastation (Slime:3)
  8 guardian serpents (Snake:4)
  4 spectral swamp worms (Depths:2)
  An ice statue (IceCv)
  A dire elephant skeleton (Crypt:3)
  An elf zombie (Depths:2)
  13 yaktaurs
  A freezing wraith (Vaults:4)
  A catoblepas skeleton (Crypt:3)
  A human zombie (Vaults:3)
  A tengu conjurer (Depths:1)
  A polar bear (shapeshifter) (Vaults:1)
  4 hornets
  A troll (Vaults:2)
  A shadow dragon simulacrum (Depths:2)
  A tyrant leech (Swamp:1)
  A polar bear (Lair:6)
  27 slime creatures
  A meliai zombie (Crypt:1)
  2 flying skulls
  A small abomination (Abyss:1)
  2 water elementals (Depths:1)
  7 yaks (Lair:6)
  6 fire bats (Swamp:4)
  A yak (shapeshifter) (Depths:4)
  A hog (shapeshifter) (Vaults:5)
  2 steam dragons (Swamp:4)
  2 neqoxecs
  6 golden eyes
  12 swamp worms
  16 nagas
  A hell hound (Crypt:1)
  A deep troll skeleton (Vaults:3)
  2 floating eyes
  A merfolk skeleton (Crypt:3)
  5 swamp drakes
  7 orc warriors
  6 ogres
  A necrophage (Crypt:3)
  2 wolves (Crypt:1)
  2 boggarts (Depths:1)
  A tengu (shapeshifter) (Vaults:1)
  3 centaurs (Depths:1)
  A human skeleton (Vaults:3)
  An elf skeleton (Crypt:1)
  4 wights (Crypt:3)
  An orc priest (Vaults:1)
  An orc wizard (Vaults:1)
  A tengu skeleton (Crypt:3)
  3 orcs
465 creatures vanquished.

Vanquished Creatures (others)
  An ironheart preserver (Vaults:2)
  A quicksilver dragon skeleton (Crypt:3)
  A deep elf knight (Elf:1)
  A glowing orange brain (Abyss:2)
  A swamp dragon (Swamp:4)
  A lindwurm (Swamp:4)
  3 deep elf magi
  A black mamba (Snake:4)
  A naga mage (Snake:3)
  3 humans
  2 steam dragons (Swamp:4)
  4 swamp drakes (Swamp:4)
  A boggart (Depths:1)
  A centaur (Depths:1)
  2 white imps (IceCv)
  5 ufetubi (IceCv)
  An orc (D:15)
  17 fungi
  A lurking horror (Abyss:1)
  77 plants
  A starspawn tentacle (Abyss:1)
  41 withered plants (Swamp:1)
167 creatures vanquished.

Grand Total: 2771 creatures vanquished

Notes
Turn   | Place    | Note
-------+----------+-------------------------------------------
     0 | D:1      | 1994 the Mummy Necromancer began the quest for the Orb.
     0 | D:1      | Reached XP level 1. HP: 13/13 MP: 4/4
    85 | D:1      | Learned a level 1 spell: Animate Skeleton
   256 | D:1      | Reached XP level 2. HP: 10/20 MP: 5/5
   869 | D:1      | Reached skill level 1 in Fighting
  1141 | D:1      | Reached XP level 3. HP: 26/26 MP: 4/7
  1746 | D:2      | Learned a level 3 spell: Vampiric Draining
  2158 | D:2      | Reached XP level 4. HP: 28/32 MP: 1/9
  2274 | D:2      | Reached skill level 5 in Necromancy
  2590 | D:2      | Found a shadowy altar of Dithmenos.
  2594 | D:2      | Found a burning altar of Makhleb.
  2594 | D:2      | Found a stormy altar of Qazlal.
  2605 | D:2      | Found a white marble altar of Elyvilon.
  2609 | D:2      | Found a sacrificial altar of Ru.
  2778 | D:3      | Reached XP level 5. HP: 28/38 MP: 1/11
  3357 | D:3      | Noticed a centaur
  3387 | D:3      | Killed a centaur
  3654 | D:3      | Noticed Jessica
  3657 | D:3      | Killed Jessica
  3658 | D:3      | Reached XP level 6. HP: 46/46 MP: 9/12
  3969 | D:3      | Learned a level 4 spell: Animate Dead
  3980 | D:3      | Reached skill level 6 in Necromancy
  4122 | D:4      | Found a sparkling altar of Nemelex Xobeh.
  4331 | D:4      | Got a pitted hunting sling
  4373 | D:4      | Reached skill level 5 in Spellcasting
  4666 | D:4      | Reached XP level 7. HP: 25/52 MP: 14/14
  4905 | D:4      | Learned a level 5 spell: Agony
  4951 | D:4      | Found an ornate altar of the Wu Jian Council.
  5050 | D:4      | Noticed Robin
  5200 | D:4      | Killed Robin
  5334 | D:4      | Found a broken altar of Ashenzari.
  5448 | D:5      | Entered Level 5 of the Dungeon
  5558 | D:5      | Reached skill level 7 in Necromancy
  6387 | D:5      | Reached XP level 8. HP: 60/60 MP: 6/17
  7076 | D:5      | Reached skill level 8 in Necromancy
  7371 | D:6      | Found a staircase to the Ecumenical Temple.
  7378 | Temple   | Entered the Ecumenical Temple
  7633 | D:6      | Identified the +4 hunting sling of Mostram {venom, Will+
                  | Dex+3 Stlth+} (You found it on level 4 of the Dungeon)
  8292 | D:6      | Reached skill level 5 in Fighting
  8773 | D:7      | Noticed Harold
  8784 | D:7      | Killed Harold
  8785 | D:7      | Reached skill level 9 in Necromancy
  8785 | D:7      | Reached XP level 9. HP: 45/69 MP: 2/20
  8982 | D:7      | Found Koiligyu's Armour Boutique.
  9005 | D:7      | Bought a +0 pair of gloves for 67 gold pieces
  9210 | D:7      | Found a glowing silver altar of Zin.
  9213 | D:7      | Found a basalt altar of Yredelemnul.
  9213 | D:7      | Found an ancient bone altar of Kikubaaqudgha.
  9216 | D:7      | Found a bloodstained altar of Trog.
  9222 | D:7      | Became a worshipper of Kikubaaqudgha
  9450 | D:8      | Found Tofamnou's Magic Scroll Shop.
  9462 | D:8      | Bought a scroll of fear for 49 gold pieces
  9462 | D:8      | Bought a scroll of fog for 28 gold pieces
  9463 | D:8      | Bought a scroll of teleportation for 42 gold pieces
  9463 | D:8      | Bought a scroll of teleportation for 42 gold pieces
  9570 | D:8      | Reached skill level 1 in Armour
  9714 | D:8      | Noticed Maggie
  9750 | D:8      | Killed Maggie
  9763 | D:8      | Noticed Psyche
 10004 | D:8      | Killed Psyche
 10005 | D:8      | Reached skill level 10 in Necromancy
 10034 | D:8      | Noticed Pikel
 10044 | D:8      | Killed Pikel
 10116 | D:8      | Found a shimmering blue altar of Sif Muna.
 10388 | D:9      | Reached * piety under Kikubaaqudgha
 10388 | D:9      | Identified Kikubaaqudgha's Catalogue of Unholy Magic
                  | (Kikubaaqudgha gifted it to you on level 9 of the Dungeon)
 10388 | D:9      | Received a gift from Kikubaaqudgha
 10389 | D:9      | Reached XP level 10. HP: 77/77 MP: 20/22
 10393 | D:9      | Learned a level 2 spell: Corpse Rot
 10680 | D:9      | Got a translucent ring mail
 11020 | D:9      | Reached ** piety under Kikubaaqudgha
 11529 | D:10     | Entered Level 10 of the Dungeon
 11720 | D:10     | Reached skill level 11 in Necromancy
 11831 | D:10     | Reached skill level 5 in Dodging
 12143 | D:10     | Reached *** piety under Kikubaaqudgha
 12143 | D:10     | Identified Kikubaaqudgha's Tome of Darkness (Kikubaaqudgha
                  | gifted it to you on level 10 of the Dungeon)
 12143 | D:10     | Received a gift from Kikubaaqudgha
 12157 | D:10     | Learned a level 4 spell: Dispel Undead
 12163 | D:10     | Learned a level 5 spell: Borgnjor's Vile Clutch
 12368 | D:10     | Found a shimmering altar of Xom.
 12625 | D:10     | Reached skill level 1 in Earth Magic
 12631 | D:10     | Reached XP level 11. HP: 55/84 MP: 20/24
 13583 | D:9      | Killed an unseen horror
 13832 | D:11     | Noticed Fannar
 13837 | D:11     | Noticed a boulder beetle
 14204 | D:11     | Reached **** piety under Kikubaaqudgha
 14520 | D:10     | Killed Fannar
 14521 | D:10     | Reached skill level 10 in Spellcasting
 14811 | D:11     | Reached skill level 12 in Necromancy
 15302 | D:10     | Killed a boulder beetle
 15348 | D:11     | Found a staircase to the Lair.
 15537 | D:11     | Found a runed translucent door.
 15538 | D:11     | Noticed Sickboy's ghost (journeyman MiBe)
 15538 | D:11     | Noticed a fire dragon
 15622 | D:11     | Noticed a white ugly thing
 15633 | D:11     | Killed a white ugly thing
 15770 | D:11     | Got a spiked ring mail
 15802 | D:11     | Found a staircase to the Orcish Mines.
 15843 | D:11     | Found a portal to a secret trove of treasure.
 16036 | D:11     | Identified the +2 ring mail "Retepn" {Harm rPois Str-4
                  | Slay+4} (You found it on level 9 of the Dungeon)
 16047 | D:11     | Identified the +7 ring mail of Negligence {rF+ Str+5
                  | Stlth-} (You found it on level 11 of the Dungeon)
 16060 | D:11     | Killed a fire dragon
 16314 | D:11     | Killed Sickboy's ghost
 16391 | D:11     | Learned a level 6 spell: Simulacrum
 16395 | D:12     | Reached XP level 12. HP: 94/94 MP: 26/26
 16468 | D:12     | Found a runed translucent door.
 16516 | D:12     | Reached skill level 5 in Earth Magic
 16577 | D:12     | Noticed Morbidden's ghost (journeyman DsWn)
 16581 | D:12     | Got a slimy ring mail
 16587 | D:12     | Killed Morbidden's ghost
 17046 | D:12     | Found a bloodstained altar of Trog.
 17072 | D:12     | Noticed a two-headed ogre
 17091 | D:12     | Killed a two-headed ogre
 17091 | D:12     | Reached ***** piety under Kikubaaqudgha
 17092 | D:12     | Reached skill level 13 in Necromancy
 17249 | D:12     | Noticed a fire giant
 17271 | D:12     | Noticed a two-headed ogre
 17283 | D:12     | Killed a fire giant
 17588 | D:11     | Killed a two-headed ogre
 17761 | D:12     | Noticed a two-headed ogre
 17773 | D:12     | Killed a two-headed ogre
 17793 | D:12     | Noticed a two-headed ogre
 17800 | D:12     | Killed a two-headed ogre
 18382 | D:12     | Noticed a two-headed ogre
 18404 | D:12     | Killed a two-headed ogre
 18456 | D:12     | Found Usogaub's Distillery.
 18579 | D:12     | Identified the cursed +0 ring mail of Terror {Regen+ Str+3}
                  | (You found it on level 12 of the Dungeon)
 18687 | Lair:1   | Entered Level 1 of the Lair of Beasts
 18894 | Lair:1   | Reached skill level 1 in Ice Magic
 19337 | Lair:1   | Noticed a five-headed hydra
 19359 | Lair:1   | Killed a five-headed hydra
 19360 | Lair:1   | Gained mutation: You are in touch with the powers of death.
                  | [Mummy growth]
 19360 | Lair:1   | Reached XP level 13. HP: 61/101 MP: 3/28
 19928 | Lair:2   | Noticed Erica
 19944 | Lair:2   | Killed Erica
 20283 | Lair:2   | HP: 4/103 [eight-headed hydra (8)]
 20295 | Lair:2   | Reached skill level 14 in Necromancy
 21024 | Lair:2   | Reached skill level 10 in Fighting
 21277 | Lair:2   | Got a heavily runed scale mail
 22377 | Lair:2   | Identified the +2 scale mail "Suash" {Will+} (You found it
                  | on level 2 of the Lair of Beasts)
 23710 | Lair:4   | Found a staircase to the Swamp.
 23717 | Lair:4   | Reached ****** piety under Kikubaaqudgha
 23748 | Lair:4   | Received a gift from Kikubaaqudgha
 23802 | Lair:4   | Found a staircase to the Snake Pit.
 24166 | Lair:4   | Reached skill level 5 in Ice Magic
 25294 | Lair:5   | Reached XP level 14. HP: 111/111 MP: 23/30
 25607 | Lair:5   | Found a stormy altar of Qazlal.
 25920 | Lair:5   | Found a staircase to the Slime Pits.
 26242 | Lair:5   | Learned a level 7 spell: Haunt
 26243 | Lair:6   | Entered Level 6 of the Lair of Beasts
 26250 | Lair:6   | Reached skill level 15 in Necromancy
 26631 | Lair:6   | Reached skill level 1 in Summonings
 27414 | Lair:6   | Got an ichor-stained leather armour
 27441 | Lair:6   | Identified the +0 leather armour of Irphoix {Int+7} (You
                  | found it on level 6 of the Lair of Beasts)
 28380 | Lair:6   | Got a translucent quarterstaff
 28382 | Lair:6   | Identified the +11 quarterstaff "Igohavir" {freeze, *Noise
                  | rPois Will+ Dex+4} (You found it on level 6 of the Lair of
                  | Beasts)
 29375 | D:13     | Noticed a war gargoyle
 29375 | D:13     | Noticed a sphinx
 29391 | D:13     | Killed a war gargoyle
 29400 | D:13     | Killed a sphinx
 30196 | D:13     | Reached XP level 15. HP: 95/119 MP: 27/32
 30673 | D:13     | Found a gate to the Vaults.
 30840 | D:14     | You fall into a shaft and drop 1 floor!
 30840 | D:15     | Entered Level 15 of the Dungeon
 30931 | D:15     | Reached skill level 5 in Summonings
 31078 | D:15     | Noticed Kirke
 31186 | D:15     | Killed Kirke
 31250 | D:15     | Reached skill level 16 in Necromancy
 33251 | D:14     | Found an ancient bone altar of Kikubaaqudgha.
 33523 | D:14     | Found the brooch of Shielding {Spirit SH+8}
 33996 | D:15     | Found a staircase to the Depths.
 34446 | Orc:1    | Entered Level 1 of the Orcish Mines
 34446 | Orc:1    | Found a radiant altar of Vehumet.
 34713 | Orc:1    | Noticed Josephine
 34719 | Orc:1    | Noticed an orc warlord
 34945 | D:11     | Killed Josephine
 35036 | Orc:1    | Killed an orc warlord
 35478 | Orc:2    | Entered Level 2 of the Orcish Mines
 35801 | Orc:2    | Found a staircase to the Elven Halls.
 35851 | Orc:1    | Reached XP level 16. HP: 110/127 MP: 24/34
 36548 | Orc:2    | Found Pipuo's Gadget Boutique.
 36554 | Orc:2    | Found Mucvathe's Distillery.
 36563 | Orc:2    | Found Esyath's Weapon Emporium.
 36565 | Orc:2    | Found Mayvveip's Armour Boutique.
 36573 | Orc:2    | Bought a +2 helmet of intelligence for 322 gold pieces
 36584 | Orc:2    | Bought a +0 buckler for 67 gold pieces
 36907 | Snake:1  | Entered Level 1 of the Snake Pit
 37059 | Snake:1  | Reached skill level 1 in Shields
 37292 | Snake:1  | Got a shimmering ring mail
 37344 | Snake:1  | Identified the +1 ring mail of Foolhardiness {Dex+5} (You
                  | found it on level 1 of the Snake Pit)
 37608 | Snake:1  | Found Yluwn's Distillery.
 37609 | Snake:1  | Found Boamiofuer's Weapon Emporium.
 37609 | Snake:1  | Found Uziwk's Antique Armour Shoppe.
 37614 | Snake:1  | Found Veneewam's Magic Scroll Shoppe.
 37620 | Snake:1  | Bought a scroll of fear for 42 gold pieces
 37623 | Snake:1  | Bought a pair of runed boots for 202 gold pieces
 37666 | Snake:1  | Bought a glowing scarf for 216 gold pieces
 37700 | Snake:1  | Bought a scroll of teleportation for 36 gold pieces
 37700 | Snake:1  | Bought a scroll of fear for 42 gold pieces
 37700 | Snake:1  | Bought a scroll of blinking for 90 gold pieces
 37700 | Snake:1  | Bought a scroll of blinking for 90 gold pieces
 37700 | Snake:1  | Bought a scroll of summoning for 114 gold pieces
 37740 | Snake:1  | Reached skill level 5 in Armour
 38671 | Snake:2  | Noticed Asterion
 38684 | Snake:2  | Killed Asterion
 39045 | Snake:2  | Noticed Aizul
 39064 | Snake:2  | Killed Aizul
 39534 | Snake:3  | Noticed Saint Roka
 39779 | Snake:3  | Killed Saint Roka
 39879 | Snake:3  | Reached skill level 17 in Necromancy
 40156 | Snake:3  | Reached skill level 10 in Summonings
 40232 | Snake:3  | Noticed Nikola
 40254 | Snake:3  | Killed Nikola
 40255 | Snake:3  | Reached skill level 15 in Spellcasting
 40255 | Snake:3  | Reached XP level 17. HP: 128/136 MP: 12/36
 41100 | Snake:3  | Learned a level 8 spell: Infestation
 41101 | Snake:4  | Entered Level 4 of the Snake Pit
 41344 | Snake:4  | Found a frozen archway.
 41400 | IceCv    | Entered an ice cave
 41813 | IceCv    | Got a pair of bloodstained gloves
 41825 | IceCv    | Identified the cursed +0 pair of gloves of Hiwesko {rF+
                  | Str+2} (You found it in an ice cave)
 42061 | IceCv    | Noticed an Ice Fiend
 42065 | IceCv    | Noticed an Ice Fiend
 42069 | IceCv    | Killed an Ice Fiend
 42075 | IceCv    | Killed an Ice Fiend
 42223 | IceCv    | Got a scintillating lead ring
 42234 | IceCv    | Identified the ring "Sesm" {rC+ MP+9 Dex+2 Stlth+} (You
                  | found it in an ice cave)
 42496 | Snake:4  | Reached skill level 5 in Shields
 43026 | Snake:4  | Found a runed translucent door.
 43027 | Snake:4  | Found a shimmering altar of Xom.
 43027 | Snake:4  | Noticed Ysiuj's ghost (adept MiBe)
 43250 | Snake:4  | Identified the ring of Kytostro {rC+ MP+9}
 43345 | Snake:4  | Noticed Agnes
 43353 | Snake:4  | Killed Agnes
 43898 | Snake:4  | Noticed Bai Suzhen
 43988 | Snake:4  | Killed Bai Suzhen
 44485 | Snake:4  | Reached XP level 18. HP: 141/145 MP: 37/37
 44707 | Snake:4  | Got a serpentine rune of Zot
 44899 | Snake:4  | Reached skill level 18 in Necromancy
 45037 | Snake:4  | Killed Ysiuj's ghost
 45379 | Swamp:1  | Entered Level 1 of the Swamp
 46651 | Swamp:2  | Noticed Frances
 46658 | Swamp:2  | Noticed Jorgrun
 46663 | Swamp:2  | Killed Frances
 46667 | Swamp:2  | Killed Jorgrun
 47889 | Swamp:4  | Entered Level 4 of the Swamp
 48082 | Swamp:4  | Learned a level 2 spell: Passwall
 48832 | Swamp:4  | Got a decaying rune of Zot
 49069 | Elf:1    | Entered Level 1 of the Elven Halls
 49196 | Elf:1    | Learned a level 1 spell: Apportation
 49253 | Elf:1    | Found Qalicw's Antique Weapon Shoppe.
 49323 | Elf:1    | Found a flickering gateway to a bazaar.
 49337 | Bazaar   | Entered a bazaar
 49337 | Bazaar   | Found Gontapie's Book Shop.
 49337 | Bazaar   | Found Zyly's Book Shoppe.
 49337 | Bazaar   | Found Biasuph's Jewellery Shop.
 49339 | Bazaar   | Found Bafom's Jewellery Boutique.
 49420 | Bazaar   | Bought a book of Minor Magic for 320 gold pieces
 49423 | Bazaar   | Learned a level 2 spell: Blink
 49429 | Bazaar   | Bought the cursed necklace of Bloodlust {*Rage +Rage Will++
                  | Int-3 Slay+6 *Curse} for 482 gold pieces
 49429 | Bazaar   | Found the cursed necklace of Bloodlust {*Rage +Rage Will++
                  | Int-3 Slay+6 *Curse}
 49615 | Elf:1    | Identified the Compendium of Karma
 50074 | Elf:1    | Reached skill level 1 in Translocations
 50690 | Elf:2    | Reached XP level 19. HP: 152/152 MP: 34/39
 50761 | Elf:2    | Found a radiant altar of Vehumet.
 51017 | Elf:2    | Found a runed translucent gate.
 51017 | Elf:2    | Found a runed translucent gate.
 51017 | Elf:2    | Found a runed translucent gate.
 51032 | Elf:2    | Found Renum's General Store.
 51040 | Elf:2    | Bought a scroll of blinking for 120 gold pieces
 51040 | Elf:2    | Bought 3 scrolls of magic mapping for 168 gold pieces
 51456 | Elf:2    | Learned a level 4 spell: Passage of Golubria
 52771 | Elf:2    | Reached skill level 19 in Necromancy
 52853 | Elf:3    | Entered Level 3 of the Elven Halls
 53455 | Elf:3    | Found Ycavoaho's Antique Weapon Shoppe.
 53550 | Elf:3    | Noticed a Tzitzimitl
 53820 | Elf:3    | Identified the +5 halberd of Quantum Leap {vamp, *Rage +Fly
                  | rC+}
 53907 | Elf:3    | Identified the +11 halberd "Impslayer" {elec, +Fly rN+
                  | Will- Int+5}
 54126 | Elf:3    | Noticed a Tzitzimitl
 54527 | Elf:3    | Reached skill level 5 in Translocations
 54827 | Elf:3    | Reached skill level 10 in Shields
 54921 | Elf:3    | Identified the Compendium of the Fetching Traveller
 54997 | Elf:3    | Got a pair of pitted gloves
 55009 | Elf:3    | Identified the +5 pair of gloves of the Stallion {Harm +Inv
                  | Regen+ Dex-2} (You found it on level 3 of the Elven Halls)
 55045 | Elf:3    | Got a scorched hunting sling
 55047 | Elf:3    | Identified the +6 hunting sling of World Downfall {vorpal,
                  | rPois rF+} (You found it on level 3 of the Elven Halls)
 55051 | Elf:3    | Got a slimy fustibalus
 55052 | Elf:3    | Identified the cursed +3 fustibalus "Rusuqont" {vorpal,
                  | rC+} (You found it on level 3 of the Elven Halls)
 55053 | Elf:3    | Identified 2 scrolls of acquirement
 55089 | Elf:3    | Got a polished fustibalus
 55182 | Elf:3    | Identified the +9 fustibalus of Massacring {freeze, rC+
                  | Dex+4 Stlth+} (You found it on level 3 of the Elven Halls)
 55222 | Elf:3    | Acquired 456 gold pieces
 55224 | Elf:3    | Acquired a Grand Grimoire
 56119 | D:11     | You paid a toll of a +7 demon whip to enter a treasure
                  | trove
 56120 | Trove    | Entered a treasure trove
 56141 | Trove    | Identified Sif Muna's Volume of the Creative Glacier
 56148 | Trove    | Identified Ifryczuh's Compendium of the Oath and Air
 56154 | Trove    | Identified Sif Muna's Tome of Destructive Evil Rites
 56157 | Trove    | Identified Wimehoydgh's Volume of Summoning and the Birds
 56177 | Trove    | Identified the Compendium of the Shifting Traveller
 56360 | Vaults:1 | Entered Level 1 of the Vaults
 56516 | Vaults:1 | Found Zaeh Eprau's Armour Emporium.
 56524 | Vaults:1 | Bought the +3 crown of Dyrovepreva {rElec Int+2 SInv} for
                  | 745 gold pieces
 56524 | Vaults:1 | Found the +3 crown of Dyrovepreva {rElec Int+2 SInv}
 56718 | Vaults:1 | Reached skill level 1 in Slings
 56752 | Vaults:1 | Found a magical portal.
 56754 | Vaults:1 | Reached XP level 20. HP: 119/161 MP: 19/41
 56764 | WizLab   | Entered Doroklohe's Tomb
 57154 | WizLab   | Noticed an ancient lich
 57167 | WizLab   | Killed an ancient lich
 58022 | Vaults:1 | Acquired the +5 pair of boots of Nihilism {rF++ Stlth-}
 58034 | Vaults:1 | Acquired the ring "Gafe" {*Corrode rF++ AC+4 Dex+6}
 58552 | Snake:1  | Bought a scroll of enchant armour for 90 gold pieces
 59373 | Vaults:1 | Reached skill level 15 in Fighting
 61855 | Vaults:2 | Reached skill level 5 in Slings
 62750 | Vaults:3 | Paralysed by a sphinx for 6 turns
 62899 | Vaults:3 | Found a staircase to the Crypt.
 63107 | Vaults:3 | Reached XP level 21. HP: 144/169 MP: 29/42
 63969 | Vaults:3 | Found Imathr Hoyps's Weapon Emporium.
 64400 | Vaults:4 | Found Woufemea's Magic Scroll Boutique.
 64414 | Vaults:4 | Bought a scroll of fear for 56 gold pieces
 64414 | Vaults:4 | Bought a scroll of fog for 32 gold pieces
 65783 | Vaults:4 | Found Jyduewer's Magic Scroll Boutique.
 65791 | Vaults:4 | Bought a scroll of silence for 180 gold pieces
 65791 | Vaults:4 | Bought a scroll of fog for 48 gold pieces
 65791 | Vaults:4 | Bought a scroll of fear for 84 gold pieces
 65866 | Vaults:4 | Noticed Boris
 65875 | Vaults:4 | Killed Boris
 66445 | Depths:1 | Entered Level 1 of the Depths
 66464 | D:15     | Reached skill level 10 in Armour
 66784 | Depths:1 | Reached XP level 22. HP: 172/178 MP: 32/43
 66995 | Depths:1 | Noticed Boris
 67004 | Depths:1 | Killed Boris
 67058 | Depths:1 | Found Xuwo's Gadget Emporium.
 67110 | Depths:1 | Found Vieguloh's Jewellery Shop.
 67111 | Depths:1 | Found Hagg's Gadget Emporium.
 67138 | Depths:1 | Found a one-way gate to the infinite horrors of the Abyss.
 67465 | Depths:1 | Identified the +6 scale mail of Wasted Space {rF+}
 67797 | Depths:1 | Found a gateway to Hell.
 68318 | Depths:2 | Noticed a juggernaut
 68329 | Depths:2 | Killed a juggernaut
 68332 | Depths:2 | Noticed a golden dragon
 68337 | Depths:2 | Killed a golden dragon
 68494 | Depths:2 | Noticed a golden dragon
 68579 | Depths:2 | Killed a golden dragon
 68595 | Depths:2 | Noticed Boris
 68622 | Depths:2 | Killed Boris
 68790 | Depths:2 | Found a burning altar of Makhleb.
 69039 | Depths:2 | Found a one-way gate leading to the halls of Pandemonium.
 69140 | Depths:2 | Noticed a caustic shrike
 69145 | Depths:2 | Killed a caustic shrike
 69319 | Depths:2 | Found a gateway to a ziggurat.
 69916 | Depths:3 | Noticed Mennas
 69929 | Depths:3 | Killed Mennas
 70314 | Depths:3 | Noticed a juggernaut
 70327 | Depths:3 | Killed a juggernaut
 70380 | Depths:3 | Found the +6 shillelagh "Devastator" {shatter}
 70415 | Depths:3 | Reached XP level 23. HP: 172/186 MP: 35/44
 70808 | Depths:3 | Found Pisocv Ohuom's Weapon Shoppe.
 71320 | Depths:3 | Reached skill level 10 in Slings
 72597 | Depths:4 | Found Goaxyr's General Store.
 72600 | Depths:4 | Bought a scroll of silence for 135 gold pieces
 73278 | Depths:5 | Entered Level 5 of the Depths
 74073 | Depths:5 | Reached skill level 15 in Shields
 74285 | Depths:5 | Found a gate to the Realm of Zot.
 74319 | Depths:5 | Reached XP level 24. HP: 150/195 MP: 41/45
 74977 | Crypt:1  | Entered Level 1 of the Crypt
 75372 | Crypt:1  | Found an ancient bone altar of Kikubaaqudgha.
 75372 | Crypt:1  | Noticed Donald
 75381 | Crypt:1  | Noticed Jory
 75383 | Crypt:1  | Killed Donald
 75412 | Crypt:1  | Killed Jory
 77566 | Crypt:3  | Entered Level 3 of the Crypt
 78042 | Crypt:3  | Found a staircase to the Tomb.
 78707 | Crypt:3  | Found a shimmering blue altar of Sif Muna.
 78909 | Crypt:3  | Identified the Disquisition on Creation
 79178 | Crypt:3  | Noticed an ancient lich
 79224 | Crypt:3  | Killed an ancient lich
 80112 | Crypt:3  | Identified the Incunabulum of Ashen Malediction
 80384 | Vaults:5 | Entered Level 5 of the Vaults
 80573 | Vaults:5 | Reached XP level 25. HP: 206/206 MP: 44/46
 80753 | Vaults:5 | Reached skill level 20 in Necromancy
 80755 | Vaults:5 | Identified the +8 war axe "Hejul" {flame, rPois}
 80989 | Vaults:5 | Got a silver rune of Zot
 80995 | Vaults:5 | Identified the +6 broad axe "Mummy's Regret" {protect,
                  | rPois Int+4}
 81012 | Vaults:5 | Identified the +4 flail of Jomuuxes {vorpal, rPois Will+}
                  | (You found it on level 5 of the Vaults)
 81521 | Vaults:5 | Found Utetsose's Armour Boutique.
 83063 | Vaults:5 | Found Goduejo's Antique Armour Shop.
 83068 | Vaults:5 | Found Laurchant's Jewellery Shoppe.
 83211 | Vaults:5 | Found Goviuc's Book Boutique.
 83212 | Vaults:5 | Found Joavvuck's Antique Weapon Emporium.
 83815 | Depths:1 | Voluntarily entered the Abyss.
 83968 | Abyss:1  | Reached skill level 21 in Necromancy
 84406 | Abyss:1  | Found a blossoming altar of Fedhas.
 84423 | Abyss:2  | Got a vibrating copper ring
 84424 | Abyss:2  | Identified the ring "Cuudud" {rElec rF+} (You found it on
                  | level 2 of the Abyss)
 84432 | Abyss:2  | Found a corrupted altar of Lugonu.
 84576 | Abyss:3  | Found a sparkling altar of Nemelex Xobeh.
 84627 | Abyss:3  | Got an abyssal rune of Zot
 84634 | Depths:1 | Escaped the Abyss
 85064 | Slime:1  | Entered Level 1 of the Pits of Slime
 85706 | Slime:1  | Gained mutation: You are strongly in touch with the powers
                  | of death. [Mummy growth]
 85706 | Slime:1  | Reached XP level 26. HP: 215/218 MP: 25/47
 85911 | Slime:1  | Paralysed by a floating eye for 4 turns
 85965 | Slime:1  | Learned a level 7 spell: Malign Gateway
 89191 | Slime:5  | Entered Level 5 of the Pits of Slime
 89225 | Slime:5  | Noticed the Royal Jelly
 90460 | Slime:5  | Killed the Royal Jelly
 90464 | Slime:5  | HP: 10/220 [acid[the Royal Jelly] (5)]
 90464 | Slime:5  | Splashed by an acid blob's acid

Illustrated notes

Levels and vault maps discovered:
D:1:      dpeg_arrival_water_temple_mockup, layout_basic
D:2:      layout_loops_ring, minmay_overflow_temple_star_hex
D:3:      layout_basic, uniq_jessica
D:4:      layout_rooms, lemuel_round_altar, kennysheep_mini_moat,
          overflow_temple_1_default, eino_tiny_chamber, uniq_robin
D:5:      layout_rooms, serial_co_window_serial, co_window_paths_b,
          co_window_paths_a, co_window_paths_a, co_window_paths_b,
          co_window_corner_a, co_window_broadway_c, co_window_corner_ca,
          co_window_paths_c, co_window_paths_d, co_window_4corner_a,
          minmay_manual_mess
D:6:      layout_gridville, minmay_temple_entry_ruins
D:7:      layout_basic, grunt_temple_overflow_open, serial_shops,
          nicolae_shop_statue_plus, uniq_harold
D:8:      layout_basic, tgw_sif, serial_shops, shop, uniq_maggie, uniq_psyche,
          uniq_pikel
D:9:      minmay_recursive_quarters, layout_cave_pools
D:10:     layout_layer_cave, tgw_xom
D:11:     layout_rooms, minmay_lair_entry_grove, orc_0_dummy,
          nicolae_trove_entry_crystal, ebering_ghost_inner_flame, uniq_fannar
D:12:     cheibrodos_monumental, layout_basic, serial_shops, kennysheep_mini,
          hellmonk_ghost_happy_afterlife, basic_altar
D:13:     minmay_glassy_protrusions, layout_basic, ximxim_vaults_locker_room,
          serial_rivers, chequers_serial_rivers_micro_e,
          chequers_serial_rivers_large_b, chequers_serial_rivers_small_b,
          chequers_serial_rivers_micro_b, chequers_serial_rivers_micro_e,
          chequers_serial_rivers_micro_b
D:14:     layout_cave_pods, hangedman_abyss_or_decor_clamps, basic_altar,
          minmay_liquid_box
D:15:     hangedman_depths_entry_try_elsewhere_first, layout_basic,
          nrook_campfire, uniq_kirke
Temple:   nicolae_temple_figure_zero
Lair:1:   layout_cave_pods
Lair:2:   dpeg_oklob_gauntlet, layout_concentric_octagons, uniq_erica
Lair:3:   layout_regular_city, columned_hall_lemuel, serial_bayou_pond_e, pond,
          lemuel_fruit_tree
Lair:4:   layout_cave_pods, nicolae_swamp_entry_splash_gauntlet,
          minmay_snake_entry_guardpost_small, st_stairs_7
Lair:5:   layout_layer_cave, dpeg_slime_entry_corner, basic_altar, special_room
          [special_room_bee], infiniplex_staircase_pool_2, grunt_megastairs_1
Lair:6:   evilmike_catoblepas_cave, layout_gridlike, minmay_lair_drake_nest
Swamp:1:  layout_basic_swamp, hangedman_swamp_blocks, st_shrine_of_shade
Swamp:2:  layout_falls_marsh, hangedman_swamp_ruin_wall, swamp_pool1,
          uniq_jorgrun, uniq_frances
Swamp:3:  layout_falls_marsh, evilmike_swamp_ruin_house_2
Swamp:4:  swamp_fiery, layout_basic_swamp, swamp_pool1,
          nicolae_swamp_rocky_clearing
Snake:1:  layout_grid_maze, grunt_ministairs_2, minmay_shoptagon
Snake:2:  layout_onion, uniq_aizul, uniq_asterion
Snake:3:  layout_cave_town, uniq_nikola, uniq_saint_roka
Snake:4:  snake_hunt, layout_cave_town, ebering_ghost_xom,
          portal_ice_cave_entry_dragon, grunt_megastairs_5, uniq_bai_suzhen,
          uniq_agnes
Slime:1:  layout_caves
Slime:2:  layout_caves
Slime:3:  layout_caves
Slime:4:  layout_caves
Slime:5
Orc:1:    layout_caves, basic_altar, uniq_josephine
Orc:2:    st_orc_elflike, layout_diamond_mine, rock_pile
Elf:1:    eino_elf_arrival_customs, layout_geoelf_grid, serial_shops,
          freezing_bzr, nicolae_shop_stone, serial_glass, glass_columns_a,
          glass_columns_c, glass_columns_a, feat_on_display,
          minmay_elf_annihilation, lemuel_flame_loot_1
Elf:2:    layout_loops_cross, serial_shops, shop, basic_altar, minivault_14,
          minmay_misc_feat_alley
Elf:3:    grunt_elf_hall_branching, layout_geoelf_diagonals, serial_shops,
          nicolae_shop_crystal, solitary_fountain
Vaults:1: v_misc_17, vaults_dpeg_diagonal, v_alt_pattern_3, v_misc_12,
          vaults_dpeg_doors, v_pattern_4, vaults_room_pools,
          grunt_vaults_hallway_short, layout_vaults_chaotic_city, serial_shops,
          shop, infiniplex_enter_wizlab_water
Vaults:2: vaults_room_octagon, v_pattern_5, v_misc_4,
          ontoclasm_vaults_loading_screen, nicolae_vaults_mini_display_case,
          vaults_room_door_hall, layout_vaults_quadrants
Vaults:3: minmay_crypt_entry_simple_round, st_cross, ontoclasm_vaults_ligature,
          v_misc_14, v_alt_pattern_2, vaults_room_fancy_cross,
          hangedman_vaults_capsules, dpeg_vaults_monster_box, v_misc_14,
          v_misc_22, layout_vaults_omnicross, serial_shops,
          nicolae_shop_waterfront
Vaults:4: ontoclasm_vaults_ring_large, v_misc_12, v_rooms_3,
          vaults_mumra_chevron_long, vaults_dpeg_encased_lava,
          nicolae_vaults_specimen_jars, v_pattern_1,
          ontoclasm_vaults_ring_large, hangedman_vaults_locks, v_misc_17,
          hangedman_vaults_snaps, v_rooms_5, nicolae_vaults_theta,
          nicolae_vaults_circle_grid_b, v_alt_pattern_4,
          layout_vaults_maze_bifur, serial_shops, shop, shop, uniq_boris
Vaults:5
Crypt:1:  lemuel_vampire_tower, layout_gridlike, grunt_crypt_arrival_split,
          uniq_donald
Crypt:2:  layout_chaotic_city, serial_co_window_serial, co_window_paths_b,
          co_window_paths_a, co_window_of_opportunity_a, co_window_paths_a,
          co_window_corner_a, co_window_of_opportunity_a, co_window_corner_b,
          co_window_corner_ca, co_window_broadway_a, co_window_of_opportunity_c,
          glass_columns_a, glass_columns_a, glass_columns_b, glass_columns_a
Crypt:3:  due_elkab, layout_chaotic_city, nicolae_tomb_entry_grand_gallery,
          minivault_11, hangedman_summoners_spam, uniq_margery
Depths:1: layout_basic, grunt_hell_entry_dis_old, abyss_entry,
          serial_bayou_ford_a, grunt_ministairs_1, minmay_shattered_shrine,
          serial_bayou_shore_a, minmay_shop_grove
Depths:2: minmay_bad_star, layout_basic, enter_ziggurat_d, abyss_entry,
          pan_entry, lemuel_crystal_altar, pf_hell_entry_tar_river
Depths:3: minmay_the_grid_triangle_9x9_rhombus_full
          [minmay_the_grid_triangle_9x9_negative_grid,
          minmay_the_grid_triangle_9x9_zippers_horizontal,
          minmay_the_grid_triangle_9x9_corruption,
          minmay_the_grid_triangle_9x9_zippers_vertical,
          minmay_the_grid_triangle_9x9_pentomino_pain,
          minmay_the_grid_triangle_9x9_corrupted_corridor,
          minmay_the_grid_triangle_9x9_thin_v,
          minmay_the_grid_triangle_9x9_prize_top_heavy], layout_honeycomb,
          hell_entry, rand_demon_pan_entry_4, serial_shops, shop,
          minmay_misc_feat_roman, uniq_mennas
Depths:4: four-leaf_vault, layout_cave_shapes, lightli_too_deep,
          marbit_kobold_abyss_entry, serial_shops, nicolae_shop_behind_doors,
          hangedman_abyss_or_decor_stagger, infiniplex_staircase_hallway_doors
Depths:5: grunt_x_marks_the_spot, layout_basic, hell_entry, abyss_entry,
          serial_sigils_hangedman_stare, glass_columns_a

Skill      XL: |  1  2  3  4  5  6  7  8  9 10 11 12 13 14 15 16 17 18 19 20 21 22 23 24 25 26 |
---------------+-------------------------------------------------------------------------------+-----
Spellcasting   | 3 4 5 6 7 8 9 10 11 12 13 14 15 16 17 18 19 20 | 20.4
Fighting       | 1 2 3 4 5 6 7 8 9 10 11 12 13 14 15 16 17 18 20 | 20.6
Necromancy     | 5 6 7 9 10 11 12 13 14 15 16 17 18 19 21 | 21.6
Dodging        | 3 5 |  5.4
Armour         | 2 3 4 5 8 10 11 13 14 | 14.1
Earth Magic    | 1 4 7 |  7.0
Ice Magic      | 1 5 7 9 |  9.0
Summonings     | 4 7 10 11 12 13 | 13.0
Shields        | 4 6 8 10 11 12 14 15 | 15.0
Translocations | 1 5 6 |  6.6
Slings         | 1 6 8 9 10 11 | 11.1
Stealth        | |  1.5

Action                   |  1- 3 |  4- 6 |  7- 9 | 10-12 | 13-15 | 16-18 | 19-21 | 22-24 | 25-27 || total
-------------------------+-------+-------+-------+-------+-------+-------+-------+-------+-------++-------
Melee: Short sword       |    29 |       |       |       |       |       |       |       |       ||    29
       Dagger            |       |   117 |   278 |    33 |     3 |       |       |       |       ||   431
       Great sword       |       |       |       |    24 |       |       |       |       |       ||    24
       Falchion          |       |       |       |    32 |   157 |    37 |       |       |       ||   226
       Rapier            |       |       |       |       |     5 |       |       |       |       ||     5
       Hunting sling     |       |       |       |       |    11 |     1 |       |       |       ||    12
       Demon trident     |       |       |       |       |       |    21 |       |       |       ||    21
       Staff             |       |       |       |       |       |       |     8 |     4 |    14 ||    26
 Fire: Shortbow          |       |    20 |    18 |       |       |       |       |       |       ||    38
       Hunting sling     |       |       |    88 |   576 |  1105 |   942 |   360 |    22 |       ||  3093
       Fustibalus        |       |       |       |       |       |       |   911 |  1838 |   996 ||  3745
Throw: Dart              |     1 |     6 |     1 |       |       |       |       |       |       ||     8
       Stone             |       |       |       |       |       |       |       |     4 |       ||     4
 Cast: Pain              |    79 |    87 |    67 |    33 |     8 |       |       |       |       ||   274
       Vampiric Draining |       |     3 |    30 |    97 |   168 |   139 |   153 |   134 |   110 ||   834
       Agony             |       |       |     2 |     8 |     9 |     5 |       |       |       ||    24
       Corpse Rot        |       |       |       |     3 |       |       |       |       |       ||     3
       Dispel Undead     |       |       |       |    17 |    23 |    14 |    34 |    89 |    18 ||   195
       Borgnjor's Vile C |       |       |       |    15 |   101 |   223 |   211 |   185 |    63 ||   798
       Animate Dead      |       |       |       |     1 |     1 |       |       |       |     1 ||     3
       Simulacrum        |       |       |       |       |     8 |    30 |     2 |    35 |    14 ||    89
       Haunt             |       |       |       |       |       |    30 |    12 |     5 |    79 ||   126
       Infestation       |       |       |       |       |       |     8 |    13 |       |     3 ||    24
       Apportation       |       |       |       |       |       |     4 |     1 |    11 |   139 ||   155
       Blink             |       |       |       |       |       |       |     1 |     1 |     4 ||     6
       Passage of Golubr |       |       |       |       |       |       |       |     3 |       ||     3
       Passwall          |       |       |       |       |       |       |       |       |     1 ||     1
Invok: Receive Corpses   |       |       |       |     1 |     3 |     8 |     2 |    17 |    12 ||    43
       Receive Necronomi |       |       |       |       |     1 |       |       |       |       ||     1
Evoke: Wand              |       |       |       |     3 |     5 |     3 |       |    10 |       ||    21
       Phial of floods   |       |       |       |     1 |       |       |       |       |       ||     1
  Use: Scroll            |       |     5 |     7 |     2 |     4 |     7 |    32 |     2 |     5 ||    64
 Stab: Sleeping          |       |       |     1 |       |       |       |       |       |       ||     1
       Distracted        |       |       |       |     1 |       |       |       |       |       ||     1
       Petrified         |       |       |       |       |     2 |       |       |       |       ||     2
Armor: Leather armour    |    14 |    44 |    87 |       |       |       |       |       |       ||   145
       Ring mail         |       |       |    30 |   254 |   416 |   333 |    64 |       |       ||  1097
       Ice dragon scales |       |       |       |       |       |       |   362 |   452 |   454 ||  1268
Dodge: Dodged            |    30 |   111 |   260 |   465 |  1078 |   772 |   406 |   447 |   407 ||  3976
       Repelled          |       |       |       |       |       |    67 |    12 |    17 |    20 ||   116
Block: Buckler           |       |       |       |       |       |   223 |    52 |       |       ||   275
       Kite shield       |       |       |       |       |       |       |   590 |   697 |   627 ||  1914
       Rpst.: Great sword |       |       |       |    10 |       |       |       |       |       ||    10
       Falchion          |       |       |       |    28 |    45 |    19 |       |       |       ||    92

Table legend: (Time is in decaauts)
 A = Elapsed time spent in this place.
 B = Non-inter-level travel time spent in this place.
 C = Inter-level travel time spent in this place.
 D = Time resting spent in this place.
 E = Time spent auto-exploring this place.
 F = Levels seen in this place.
 G = Mean time per level.
                   A        B        C        D        E       F      G
               +--------+--------+--------+--------+--------+-----+--------+
         Total |  91221 |  84598 |   6623 |  26164 |  32350 |  60 | 1520.3 |
       Dungeon |  26336 |  24456 |   1880 |   9699 |   8135 |  15 | 1755.7 |
        Temple |    117 |    108 |      9 |      0 |    107 |   1 |  117.0 |
          Lair |  11760 |  10228 |   1532 |   3297 |   4536 |   6 | 1960.0 |
         Swamp |   4304 |   3624 |    680 |    938 |   1365 |   4 | 1076.0 |
     Snake Pit |   7741 |   7170 |    571 |   2375 |   2582 |   4 | 1935.2 |
    Slime Pits |   4857 |   4645 |    212 |   2104 |   1287 |   5 |  971.4 |
  Orcish Mines |   2067 |   1974 |     93 |    370 |    912 |   2 | 1033.5 |
   Elven Halls |   6278 |   5982 |    296 |   2485 |   1665 |   3 | 2092.7 |
        Vaults |  11442 |  10691 |    751 |   2075 |   4796 |   5 | 2288.4 |
         Crypt |   5170 |   4860 |    310 |    704 |   2460 |   3 | 1723.3 |
        Depths |   8245 |   7958 |    287 |   1425 |   4022 |   5 | 1649.0 |
         Abyss |    799 |    799 |      0 |     13 |    292 |   3 |  266.3 |
        Bazaar |    110 |    110 |      0 |      0 |      1 |   1 |  110.0 |
         Trove |     86 |     86 |      0 |      0 |      0 |   1 |   86.0 |
      Ice Cave |    923 |    923 |      0 |    367 |      0 |   1 |  923.0 |
        Wizlab |    980 |    980 |      0 |    309 |    188 |   1 |  980.0 |
               +--------+--------+--------+--------+--------+-----+--------+

Top non-repeatable levels by time:
    D:10: 3660 daAuts
 Snake:4: 3252 daAuts
Vaults:5: 2987 daAuts
  Lair:2: 2814 daAuts
    D:15: 2671 daAuts
 Crypt:3: 2553 daAuts
   Elf:3: 2445 daAuts
    D:12: 2424 daAuts
Vaults:2: 2379 daAuts
   Elf:2: 2293 daAuts
  Lair:6: 2223 daAuts
    D:13: 2198 daAuts
  Lair:5: 2165 daAuts
    D:11: 2126 daAuts
Vaults:1: 2120 daAuts
